 Dungeon Crawl Stone Soup version 0.26-a0-651-gb41185065b (webtiles) character file.

Game seed: 2651013125955765745

9987 Gargoyl the Fighter (level 11, -9/89 HPs)
             Began as a Gnoll Abyssal Knight on Sept 28, 2020.
             Was a High Priest of Lugonu.
             Killed by divine providence
             ... invoked by an orc priest
              (16 damage)
             ... on level 11 of the Dungeon.
             The game lasted 00:17:30 (13026 turns).

Gargoyl the Fighter (Gnoll Abyssal Knight)         Turns: 13026, Time: 00:17:30

Health: -9/89      AC: 18    Str: 23    XL:     11   Next: 55%
Magic:  25/27      EV: 14    Int: 14    God:    Lugonu [*****.]
Gold:   781        SH:  9    Dex: 16    Spells: 22/22 levels left

rFire    x . .     SeeInvis .   u - +7 mace "Bafuwk" {flame, rPois MP+9}
rCold    + + .     Faith    .   o - +3 buckler
rNeg     . . .     Spirit   .   b - +1 ice dragon scales
rPois    +         Reflect  .   (no helmet)
rElec    .         Harm     .   c - +2 cloak {rCorr}
rCorr    +         Rampage  .   (no gloves)
MR       .....                  (no boots)
Stlth    ++........             (no amulet)
HPRegen  0.24/turn              m - +6 ring of strength
MPRegen  0.20/turn              x - ring of poison resistance

@: no status effects
A: distributed training, fangs 1, icy blue scales 1, low mp 1, screaming 1,
strong nose
a: Depart the Abyss, Bend Space, Banish, Corrupt, Enter the Abyss, Renounce
Religion


You were on level 11 of the Dungeon.
You worshipped Lugonu.
Lugonu was extremely pleased with you.
You visited 1 branch of the dungeon, and saw 11 of its levels.
You visited the Abyss 1 time.
You also visited: Ossuary.

You collected 781 gold pieces.

Inventory:

Hand Weapons
 a - a +5 hand axe
 u - the +7 mace "Bafuwk" (weapon) {flame, rPois MP+9}
   (You found it on level 11 of the Dungeon)

   It has been specially enchanted to burn those struck by it, causing extra
   injury to most foes and up to half again as much damage against particularly
   susceptible opponents.
   It protects you from poison.
   It affects your magic capacity (+9).
Missiles
 n - 10 boomerangs (quivered)
Armour
 b - +1 ice dragon scales (worn)
 c - a +2 cloak of preservation (worn)
 k - a +0 chain mail
 o - a +3 buckler (worn)
Jewellery
 m - a +6 ring of strength (left hand)
 x - a ring of poison resistance (right hand)
Wands
 h - a wand of acid (8)
 p - a wand of random effects (34)
 v - a wand of iceblast (11)
 w - a wand of paralysis (15)
 y - a wand of flame (33)
Scrolls
 g - 8 scrolls of identify
 l - 4 scrolls of remove curse
 s - a scroll of blinking
 t - a scroll of fog
 A - a scroll of teleportation
Potions
 d - 2 potions of ambrosia
 e - 2 potions of cancellation
 f - 7 potions of curing
 i - 5 potions of flight
 q - a potion of resistance
 r - a potion of magic
 z - a potion of brilliance


   Skills:
 + Level 9.2 Fighting
 + Level 6.4 Short Blades
 + Level 6.4 Long Blades
 + Level 8.0 Axes
 + Level 6.4 Maces & Flails
 + Level 6.4 Polearms
 + Level 6.4 Staves
 + Level 6.4 Slings
 + Level 6.4 Bows
 + Level 6.4 Crossbows
 + Level 6.4 Throwing
 + Level 8.0 Armour
 + Level 7.0 Dodging
 + Level 6.4 Stealth
 + Level 6.4 Shields
 + Level 6.4 Unarmed Combat
 + Level 6.4 Spellcasting
 + Level 5.3 Conjurations
 + Level 5.3 Hexes
 + Level 5.3 Summonings
 + Level 5.3 Necromancy
 + Level 5.3 Translocations
 + Level 5.3 Transmutations
 + Level 5.3 Fire Magic
 + Level 5.3 Ice Magic
 + Level 5.3 Air Magic
 + Level 5.3 Earth Magic
 + Level 5.3 Poison Magic
 + Level 8.5 Invocations
 + Level 6.4 Evocations


You had 22 spell levels left.
You didn't know any spells.
Your spell library contained the following spells:

 Spells                   Type           Power        Failure   Level
 Beastly Appendage        Tmut           ###...       4%          1
 Foxfire                  Conj/Fire      ###.         4%          1
 Magic Dart               Conj           ###.         4%          1
 Blink                    Tloc           N/A          7%          2
 Call Imp                 Summ           ###.....     7%          2
 Slow                     Hex            ###.....     7%          2
 Wereblood                Tmut           ###.....     7%          2
 Conjure Flame            Conj/Fire      ###.....     14%         3
 Inner Flame              Hex/Fire       ###.....     14%         3
 Mephitic Cloud           Conj/Pois/Air  ###.....     14%         3
 Spider Form              Tmut/Pois      ###.......   14%         3
 Ice Form                 Ice/Tmut       ###.....     41%         4
 Sticky Flame             Conj/Fire      ###.....     41%         4
 Blade Hands              Tmut           ###.......   77%         5
 Fireball                 Conj/Fire      ###.......   77%         5


Dungeon Overview and Level Annotations

Branches:
Dungeon (11/15)            Temple (0/1) D:4            Lair (0/6) D:11
    Orc (0/2) D:10        Ossuary (visited)

Altars:
Gozag
Hepliaklqana
Kikubaaqudgha
Nemelex Xobeh
Qazlal
Sif Muna
Wu Jian
Xom
Yredelemnul
The Shining One

Shops:
D:4 }


Innate Abilities, Weirdness & Mutations

Your experience applies equally to all skills.
You have very sharp teeth.
Your uncanny sense of smell can sniff out nearby items.
You are partially covered in icy blue scales. (AC +2)
Your magical capacity is low. (-10% MP)
You occasionally shout uncontrollably at your foes.


Message History

The orc wizard shouts!
An orc priest comes into view. It is wielding a +0 flail.
The orc wizard gestures at you while chanting.
You are confused.
The orc priest shouts!
An orc comes into view.
It is wielding a +3 flail of protection.
The orc priest calls down the wrath of Beogh upon you.
Beogh smites you!
* * * LOW HITPOINT WARNING * * *
An orc comes into view. It is wielding a +0 hand axe.
The orc shouts!
You're too confused!
The orc shouts!
You hear two shouts!
You're too confused!
The orc hits you but does no damage.
Unknown command.
You feel less confused.
The orc priest invokes the aid of Beogh against you.
Beogh smites you!
You die...

.......# #.#####.......,*
####...# #......†......,*
#...# #.............,*
#...# #.............,*
#...# #.....<.......,*
#...# #.............,*
#...# #.............,*
#...# #.............,*
#...# #...@.........,*
#...# #...o.........,*
#...# #.............,*
#...# #.............,*
#...######.............,*
#...........o..........,*
#..........ooo.........,*
#..######..............,*
#..# #.............,,*


You could see an orc priest, an orc wizard and 3 orcs.

Vanquished Creatures
  A centaur warrior (D:10)
  An ugly thing (D:11)
  Maurice (D:11)
  Maggie (D:8)
  A troll (D:9)
  A hippogriff (D:11)
  4 wraiths
  A wyvern (D:10)
  6 yaks (D:10)
  A basilisk (D:7)
  3 water moccasins
  3 ice beasts
  2 sky beasts
  6 ogres
  4 orc warriors
  A phantom (D:4)
  5 necrophages
  3 centaurs
  A crocodile (D:11)
  A big kobold (D:11)
  6 bullfrogs
  A water moccasin zombie (D:10)
  A water moccasin skeleton (D:7)
  2 scorpions (D:9)
  10 killer bees
  7 wights
  2 howler monkeys
  A quasit (D:8)
  A bullfrog zombie (D:9)
  3 hounds
  2 orc priests (D:7)
  A jelly (D:5)
  2 centaur skeletons
  3 bullfrog skeletons
  5 iguanas
  6 orc wizards
  3 worker ants
  A hound skeleton (D:11)
  9 adders
  9 gnolls
  2 white imps
  2 ufetubi
  3 adder zombies
  2 adder skeletons
  6 worms
  6 dart slugs
  7 leopard geckos
  30 orcs
  A ball python (D:4)
  14 giant cockroaches
  6 goblins
  9 hobgoblins
  7 jackals
  3 quokkas
  A ball python skeleton (Ossuary)
  5 bats
  7 frilled lizards
  2 hobgoblin skeletons (Ossuary)
  A hobgoblin zombie (Ossuary)
  10 kobolds
  A leopard gecko skeleton (D:5)
  A leopard gecko zombie (D:7)
  An orc skeleton (Ossuary)
  An orc zombie (Ossuary)
  A quokka skeleton (D:8)
  5 rats
  A butterfly (D:4)
257 creatures vanquished.

Vanquished Creatures (others)
  2 orc wizards (D:7)
  5 fungi (D:11)
  3 plants (D:11)
  2 starspawn tentacles (Abyss:2)
12 creatures vanquished.

Grand Total: 269 creatures vanquished

Notes
Turn   | Place    | Note
-------+----------+-------------------------------------------
     0 | Abyss:1  | Gargoyl the Gnoll Abyssal Knight began the quest for the
                  | Orb.
     0 | Abyss:1  | Reached XP level 1. HP: 23/23 MP: 3/3
     5 | Abyss:2  | Found a corrupted altar of Lugonu.
    35 | Abyss:2  | Noticed a tentacled starspawn
    37 | Abyss:2  | Noticed a small abomination
    52 | Abyss:3  | Found a corrupted altar of Lugonu.
    55 | Abyss:3  | Noticed an iron imp
    58 | Abyss:3  | Gained mutation: You occasionally shout uncontrollably at
                  | your foes. [potion of mutation]
    58 | Abyss:3  | Gained mutation: Your magical capacity is low. (-10% MP)
                  | [potion of mutation]
    58 | Abyss:3  | Gained mutation: You are partially covered in icy blue
                  | scales. (AC +2) [potion of mutation]
    93 | Abyss:3  | Noticed a small abomination
    97 | D:1      | Escaped the Abyss
   195 | D:1      | Reached * piety under Lugonu
   219 | D:1      | Reached XP level 2. HP: 29/29 MP: 4/4
   896 | D:1      | Reached XP level 3. HP: 35/35 MP: 5/5
  1539 | D:2      | Found a faded altar of an unknown god.
  1788 | D:2      | Reached skill level 1 in Short Blades
  1788 | D:2      | Reached skill level 1 in Long Blades
  1788 | D:2      | Reached skill level 1 in Maces & Flails
  1788 | D:2      | Reached skill level 1 in Polearms
  1788 | D:2      | Reached skill level 1 in Staves
  1788 | D:2      | Reached skill level 1 in Slings
  1788 | D:2      | Reached skill level 1 in Bows
  1788 | D:2      | Reached skill level 1 in Crossbows
  1788 | D:2      | Reached skill level 1 in Throwing
  1788 | D:2      | Reached skill level 1 in Stealth
  1788 | D:2      | Reached skill level 1 in Shields
  1788 | D:2      | Reached skill level 1 in Unarmed Combat
  1788 | D:2      | Reached skill level 1 in Spellcasting
  1788 | D:2      | Reached skill level 1 in Evocations
  1791 | D:2      | Reached XP level 4. HP: 41/41 MP: 6/6
  1932 | D:2      | Reached ** piety under Lugonu
  2058 | D:2      | Reached skill level 1 in Conjurations
  2058 | D:2      | Reached skill level 1 in Hexes
  2058 | D:2      | Reached skill level 1 in Summonings
  2058 | D:2      | Reached skill level 1 in Necromancy
  2058 | D:2      | Reached skill level 1 in Translocations
  2058 | D:2      | Reached skill level 1 in Transmutations
  2058 | D:2      | Reached skill level 1 in Fire Magic
  2058 | D:2      | Reached skill level 1 in Ice Magic
  2058 | D:2      | Reached skill level 1 in Air Magic
  2058 | D:2      | Reached skill level 1 in Earth Magic
  2058 | D:2      | Reached skill level 1 in Poison Magic
  2490 | D:3      | Found an opulent altar of Gozag.
  2492 | D:3      | Found a stormy altar of Qazlal.
  2494 | D:3      | Found a hazy altar of Hepliaklqana.
  2650 | D:3      | Reached XP level 5. HP: 44/47 MP: 7/7
  2922 | D:3      | Found a glowing golden altar of the Shining One.
  3024 | D:4      | Found Tat Duadd's Gadget Boutique.
  3101 | D:4      | Noticed a phantom
  3128 | D:4      | Killed a phantom
  3128 | D:4      | Reached skill level 5 in Invocations
  3128 | D:4      | Reached XP level 6. HP: 45/53 MP: 8/8
  3239 | D:4      | Reached skill level 5 in Axes
  3239 | D:4      | Reached skill level 5 in Armour
  3284 | D:4      | Found a staircase to the Ecumenical Temple.
  3545 | D:4      | Reached XP level 7. HP: 44/59 MP: 9/9
  3623 | D:4      | Found an ancient bone altar of Kikubaaqudgha.
  3971 | D:4      | Reached skill level 7 in Fighting
  4056 | D:5      | Entered Level 5 of the Dungeon
  4122 | D:5      | Found a sand-covered staircase.
  4131 | Ossuary  | Entered an ossuary
  4191 | Ossuary  | Reached *** piety under Lugonu
  4274 | Ossuary  | Noticed a wraith
  4274 | Ossuary  | Noticed a flying skull
  4322 | Ossuary  | Noticed a flying skull
  4338 | Ossuary  | Noticed a flying skull
  4339 | Ossuary  | Noticed a flying skull
  4345 | Ossuary  | Noticed a wraith
  4364 | Ossuary  | Killed a wraith
  4441 | Ossuary  | Reached XP level 8. HP: 67/67 MP: 11/11
  4456 | Ossuary  | Noticed a wraith
  4481 | Ossuary  | Killed a wraith
  5612 | D:6      | Got a transparent scimitar
  5617 | D:6      | Identified the +6 scimitar of Uskayaw {protect, MR+ Int+6
                  | Dex-5 Stlth-} (You found it on level 6 of the Dungeon)
  5700 | D:6      | Found a basalt altar of Yredelemnul.
  5980 | D:7      | Reached XP level 9. HP: 63/71 MP: 13/13
  6167 | D:7      | Reached **** piety under Lugonu
  6589 | D:7      | Reached skill level 5 in Dodging
  7189 | D:7      | Reached skill level 8 in Fighting
  8239 | D:8      | Found a shimmering blue altar of Sif Muna.
  8524 | D:8      | Noticed Maggie
  8546 | D:8      | Killed Maggie
  8856 | D:7      | Reached XP level 10. HP: 45/80 MP: 15/15
  9675 | D:9      | Reached skill level 5 in Short Blades
  9675 | D:9      | Reached skill level 5 in Long Blades
  9675 | D:9      | Reached skill level 5 in Maces & Flails
  9675 | D:9      | Reached skill level 5 in Polearms
  9675 | D:9      | Reached skill level 5 in Staves
  9675 | D:9      | Reached skill level 5 in Slings
  9675 | D:9      | Reached skill level 5 in Bows
  9675 | D:9      | Reached skill level 5 in Crossbows
  9675 | D:9      | Reached skill level 5 in Throwing
  9675 | D:9      | Reached skill level 5 in Stealth
  9675 | D:9      | Reached skill level 5 in Shields
  9675 | D:9      | Reached skill level 5 in Unarmed Combat
  9675 | D:9      | Reached skill level 5 in Spellcasting
  9675 | D:9      | Reached skill level 5 in Evocations
  9822 | D:9      | Found an ornate altar of the Wu Jian Council.
  9965 | D:9      | Found a sparkling altar of Nemelex Xobeh.
  9966 | D:9      | Found a glowing golden altar of the Shining One.
  9967 | D:9      | Found a shimmering blue altar of Sif Muna.
 10291 | D:10     | Entered Level 10 of the Dungeon
 10295 | D:10     | Reached ***** piety under Lugonu
 10308 | D:10     | Noticed a centaur warrior
 10397 | D:10     | Killed a centaur warrior
 10580 | D:10     | Found a staircase to the Orcish Mines.
 10806 | D:10     | Paralysed by a gnoll for 7 turns
 10962 | D:10     | Found a shimmering altar of Xom.
 11066 | D:10     | Found a portal to a secret trove of treasure.
 11181 | D:10     | Reached XP level 11. HP: 53/87 MP: 17/17
 11222 | D:10     | Reached skill level 9 in Fighting
 11467 | D:10     | Found a hazy altar of Hepliaklqana.
 11519 | D:10     | Found a runed translucent door.
 11521 | D:10     | Noticed a fire crab
 11631 | D:10     | Banished a fire crab
 11631 | D:10     | Reached skill level 5 in Conjurations
 11631 | D:10     | Reached skill level 5 in Hexes
 11631 | D:10     | Reached skill level 5 in Summonings
 11631 | D:10     | Reached skill level 5 in Necromancy
 11631 | D:10     | Reached skill level 5 in Translocations
 11631 | D:10     | Reached skill level 5 in Transmutations
 11631 | D:10     | Reached skill level 5 in Fire Magic
 11631 | D:10     | Reached skill level 5 in Ice Magic
 11631 | D:10     | Reached skill level 5 in Air Magic
 11631 | D:10     | Reached skill level 5 in Earth Magic
 11631 | D:10     | Reached skill level 5 in Poison Magic
 11971 | D:10     | Noticed a fire crab
 12050 | D:11     | Noticed a brown ugly thing
 12061 | D:11     | Noticed Maurice
 12088 | D:11     | Killed a brown ugly thing
 12110 | D:11     | Killed Maurice
 12441 | D:11     | Found a staircase to the Lair.
 12673 | D:11     | Got a smouldering mace
 12674 | D:11     | Identified the +7 mace "Bafuwk" {flame, rPois MP+9} (You
                  | found it on level 11 of the Dungeon)
 12981 | D:11     | Noticed a manticore
 12995 | D:11     | HP: 4/89 [manticore (2)]
 12997 | D:11     | Banished a manticore
 13026 | D:11     | Killed from afar by an orc priest

Illustrated notes

Levels and vault maps discovered:
D:1:      kennysheep_arrival_seaside, layout_basic, serial_rivers,
          chequers_serial_rivers_micro_c, chequers_serial_rivers_small_a,
          chequers_serial_rivers_small_3, chequers_serial_rivers_micro_b
D:2:      layout_loops_corners, chequers_ecumenical_altar_twisty,
          grunt_decor_cap, chequers_jeans, mrwooster_statue_mirror
D:3:      minmay_roachtagon, layout_basic, gammafunk_temple_overflow_forgotten,
          nicolae_tso_swordbearing_angel
D:4:      layout_loops_ring, nicolae_overflow_crystal_walls,
          minmay_temple_entry_butterflies, serial_shops,
          nicolae_shop_waterfront, grunt_ministairs_11
D:5:      layout_basic, nicolae_ossuary_entry_monument
D:6:      layout_gridville, overflow_temple_1_default, lemuel_flame_loot_1
D:7:      layout_layer_cave, minmay_three_doors
D:8:      layout_layer_cave, basic_altar, uniq_maggie
D:9:      layout_roguey, kennysheep_mini_moat, grunt_temple_overflow_open
D:10:     gammafunk_mikee_crab_dinner, layout_cave_pools, david_orc_2,
          enter_trove_1, basic_altar, tgw_xom
D:11:     layout_long_grid, grunt_lair_entry_orc_guard_hut, serial_shops,
          shop_statue, uniq_maurice

Skill      XL: |  1  2  3  4  5  6  7  8  9 10 11 |
---------------+----------------------------------+-----
Short Blades   | 1 2 3 4 5 6 |  6.4
Long Blades    | 1 2 3 4 5 6 |  6.4
Maces & Flails | 1 2 3 4 5 6 |  6.4
Polearms       | 1 2 3 4 5 6 |  6.4
Staves         | 1 2 3 4 5 6 |  6.4
Slings         | 1 2 3 4 5 6 |  6.4
Bows           | 1 2 3 4 5 6 |  6.4
Crossbows      | 1 2 3 4 5 6 |  6.4
Throwing       | 1 2 3 4 5 6 |  6.4
Stealth        | 1 2 3 4 5 6 |  6.4
Shields        | 1 2 3 4 5 6 |  6.4
Unarmed Combat | 1 2 3 4 5 6 |  6.4
Spellcasting   | 1 2 3 4 5 6 |  6.4
Evocations     | 1 2 3 4 5 6 |  6.4
Conjurations   | 1 2 3 4 5 |  5.3
Hexes          | 1 2 3 4 5 |  5.3
Summonings     | 1 2 3 4 5 |  5.3
Necromancy     | 1 2 3 4 5 |  5.3
Translocations | 1 2 3 4 5 |  5.3
Transmutations | 1 2 3 4 5 |  5.3
Fire Magic     | 1 2 3 4 5 |  5.3
Ice Magic      | 1 2 3 4 5 |  5.3
Air Magic      | 1 2 3 4 5 |  5.3
Earth Magic    | 1 2 3 4 5 |  5.3
Poison Magic   | 1 2 3 4 5 |  5.3
Dodging        | 3 4 5 6 7 |  7.0
Invocations    | 5 6 7 8 |  8.5
Axes           | 5 6 7 8 |  8.0
Armour         | 5 6 7 8 |  8.0
Fighting       | 7 8 9 |  9.2

Action                   |  1- 3 |  4- 6 |  7- 9 | 10-12 || total
-------------------------+-------+-------+-------+-------++-------
Melee: Hand axe          |   111 |   178 |   355 |   331 ||   975
       Bite              |    12 |    23 |    55 |    64 ||   154
       Punch             |     1 |       |       |       ||     1
       Mace              |       |       |       |    30 ||    30
Throw: Boomerang         |       |       |     3 |     4 ||     7
Invok: Depart the Abyss  |     1 |       |       |       ||     1
       Banish            |       |       |       |     3 ||     3
       Bend Space        |       |       |       |     1 ||     1
  Use: Scroll            |     4 |     8 |    16 |     7 ||    35
       Potion            |     1 |       |     3 |     3 ||     7
 Stab: Sleeping          |       |       |     2 |     1 ||     3
       Invisible         |       |       |       |     4 ||     4
Armor: Leather armour    |     8 |       |       |       ||     8
       Chain mail        |    22 |       |       |       ||    22
       Ice dragon scales |    14 |    77 |   145 |   177 ||   413
       Skin              |       |       |    30 |       ||    30
Dodge: Dodged            |    66 |    68 |   173 |   244 ||   551
Block: Buckler           |       |    35 |   124 |   173 ||   332

Table legend: (Time is in decaauts)
 A = Elapsed time spent in this place.
 B = Non-inter-level travel time spent in this place.
 C = Inter-level travel time spent in this place.
 D = Time resting spent in this place.
 E = Time spent auto-exploring this place.
 F = Levels seen in this place.
 G = Mean time per level.
                   A        B        C        D        E       F      G
               +--------+--------+--------+--------+--------+-----+--------+
         Total |  13105 |  12819 |    286 |   2057 |   8161 |  15 |  873.7 |
       Dungeon |  12429 |  12143 |    286 |   1915 |   7971 |  11 | 1129.9 |
         Abyss |     97 |     97 |      0 |      0 |     33 |   3 |   32.3 |
       Ossuary |    578 |    578 |      0 |    142 |    156 |   1 |  578.0 |
               +--------+--------+--------+--------+--------+-----+--------+

Top non-repeatable levels by time:
     D:7: 2253 daAuts
    D:10: 1678 daAuts
     D:8: 1460 daAuts
     D:1: 1340 daAuts
     D:4: 1036 daAuts
     D:2: 1029 daAuts
    D:11: 977 daAuts
     D:5: 940 daAuts
     D:9: 709 daAuts
     D:3: 581 daAuts
 Ossuary: 578 daAuts
     D:6: 422 daAuts
 Abyss:2: 50 daAuts
 Abyss:3: 44 daAuts
 Abyss:1: 2 daAuts
